[Event "Titled Tuesday Blitz April 19 Early 2022"]
[White "Vokhidov, Shamsiddin"]
[Black "Baches Garcia, Guillermo"]
[WhiteFideId "14204223"]
[BlackFideId "2209764"]
[WhiteElo "2611"]
[BlackElo "2503"]
[Result "1-0"]
[Round "01"]
[TimeControl "180+1"]
[Date "2022.04.19"]
[WhiteClock "0:00:17"]
[BlackClock "0:00:03"]

1. e4 c5 2. Nf3 d6 3. d4 cxd4 4. Nxd4 Nf6 5. Nc3 Nc6 6. Bg5 e6 7. Qd2 h6 8. Bxf6 gxf6 9. O-O-O a6 10. f4 Bd7 11. Kb1 Qb6 12. Nf3 O-O-O 13. Bc4 Be7 14. a3 Kb8 15. Rhe1 Rc8 16. Ba2 Na5 17. Qd4 Qxd4 18. Nxd4 Nc4 19. Rd3 Rhg8 20. g3 b5 21. Nf3 Rc5 22. Ne2 Rgc8 23. c3 Ka7 24. Ned4 a5 25. Nc2 Rb8 26. Nfd4 Kb6 27. Kc1 Rbc8 28. Red1 R5c7 29. Nf3 Bc6 30. Re1 Bb7 31. Rdd1 Rc5 32. Nfd4 R5c7 33. Bb3 Bf8 34. Re2 h5 35. Kb1 d5 36. e5 fxe5 37. fxe5 Bg7 38. Bxc4 dxc4 39. Rf1 Bd5 40. Kc1 Rd8 41. Nf3 Bb7 42. Ncd4 Rd5 43. Ng5 Bxe5 44. Nxf7 Bxd4 45. Rxe6+ Ka7 46. cxd4 Rxd4 47. Nd6 Ba6 48. Rf5 b4 49. Rxa5 Kb6 50. Nxc4+ Kb7 51. Rexa6 Rcxc4+ 52. Kb1 bxa3 53. Rxa3 Rd2 54. Ra7+ Kb6 55. R7a4 Rcc2 56. Rb4+ Kc5 57. Rb8 Rxh2 58. Rc8+ Kb4 59. Rxc2 Rh1+ 60. Ka2 Ra1+ 61. Kxa1 1-0


[Site "https://www.chess.com"]

[Event "Titled Tuesday Blitz April 19 Early 2022"]
[White "Weetik, Vjacheslav"]
[Black "Manukian, Artak"]
[WhiteFideId "4153472"]
[BlackFideId "13301373"]
[WhiteElo "2469"]
[BlackElo "2347"]
[Result "1-0"]
[Round "01"]
[TimeControl "180+1"]
[Date "2022.04.19"]
[WhiteClock "0:00:20"]
[BlackClock "0:00:26"]

1. d4 d5 2. c4 dxc4 3. Nf3 Nf6 4. e3 e6 5. Bxc4 c5 6. O-O a6 7. dxc5 Bxc5 8. Qxd8+ Kxd8 9. Ne5 Ke7 10. Be2 Nbd7 11. Nd3 Bd6 12. Nd2 Ne5 13. Nxe5 Bxe5 14. Nc4 Bc7 15. b3 b5 16. Ba3+ Ke8 17. Bf3 Rb8 18. Nd6+ Kd7 19. Nxf7 b4 20. Bb2 Rf8 21. Rfd1+ Ke7 22. Ne5 Bb7 23. Rac1 Rfc8 24. Bxb7 Rxb7 25. Nc6+ Kf7 26. Ne5+ Bxe5 27. Bxe5 Rxc1 28. Rxc1 Nd5 29. e4 Ne7 30. f3 a5 31. Kf2 g5 32. Ke3 Ra7 33. Rc7 Rxc7 34. Bxc7 Nc6 35. Kd3 e5 36. Kc4 Ke6 37. Kb5 Nd4+ 38. Kxa5 Nc2 39. Bb6 h5 40. Bf2 h4 41. h3 Kd6 42. Kb5 Nd4+ 43. Kxb4 1-0


[Site "https://www.chess.com"]

[Event "Titled Tuesday Blitz April 19 Early 2022"]
[White "Xu, Yi"]
[Black "Golubovskis, Maksims"]
[WhiteFideId "8605564"]
[BlackFideId "11608528"]
[WhiteElo "2471"]
[BlackElo "2070"]
[Result "1-0"]
[Round "01"]
[TimeControl "180+1"]
[Date "2022.04.19"]
[WhiteClock "0:00:29"]
[BlackClock "0:00:01"]

1. e4 c5 2. Nf3 d6 3. d4 cxd4 4. Nxd4 Nf6 5. Nc3 a6 6. f3 e5 7. Nb3 Be6 8. Be3 Nbd7 9. g4 b5 10. g5 Nh5 11. Qd2 Be7 12. O-O-O Rc8 13. Kb1 Qc7 14. Nd5 Bxd5 15. exd5 Nb6 16. Na5 Nxd5 17. Qxd5 Qxa5 18. Bh3 Rc4 19. Qa8+ Qd8 20. Qxa6 O-O 21. Bf1 Rc8 22. Bb6 Qd7 23. Bxb5 Qf5 24. Qb7 Qxc2+ 25. Ka1 Bxg5 26. Bd3 Qc6 27. Qxc6 Rxc6 28. Bf2 Rb8 29. Ba7 Rb4 30. a3 Rb3 31. Ka2 Rxd3 32. Rxd3 f5 33. Rhd1 Be7 34. Rc3 Rxc3 35. bxc3 Nf4 36. a4 Kf7 37. a5 Ne6 38. Bb6 1-0


[Site "https://www.chess.com"]

[Event "Titled Tuesday Blitz April 19 Early 2022"]
[White "Yang, Kaiqi"]
[Black "Sovetbekova, Nurai"]
[WhiteFideId "8604398"]
[BlackFideId "13801910"]
[WhiteElo "2373"]
[BlackElo "1538"]
[Result "1-0"]
[Round "01"]
[TimeControl "180+1"]
[Date "2022.04.19"]
[WhiteClock "0:02:01"]
[BlackClock "0:01:32"]

1. e4 c5 2. c3 Nf6 3. e5 Nd5 4. d4 cxd4 5. Nf3 Nc6 6. Bc4 Nb6 7. Bb3 d6 8. exd6 Qxd6 9. O-O Bg4 10. Bxf7+ Kxf7 11. Ng5+ Ke8 12. Qxg4 Ne5 13. Qg3 Ng6 14. Qh3 Nf4 15. Bxf4 Qxf4 16. Ne6 Qd6 17. Na3 a6 18. Rad1 1-0


[Site "https://www.chess.com"]

[Event "Titled Tuesday Blitz April 19 Early 2022"]
[White "Zaksaite, Salomeja"]
[Black "Yurovskykh, Oleksandr"]
[WhiteFideId "12801496"]
[BlackFideId "14134020"]
[WhiteElo "1953"]
[BlackElo "2292"]
[Result "0-1"]
[Round "01"]
[TimeControl "180+1"]
[Date "2022.04.19"]
[WhiteClock "0:00:02"]
[BlackClock "0:00:19"]

1. e4 d5 2. exd5 Qxd5 3. Nc3 Qd8 4. Bc4 c5 5. Qf3 e6 6. d3 Nc6 7. Be3 Nf6 8. Nge2 Be7 9. O-O-O Nd4 10. Qg3 Nf5 11. Qf3 O-O 12. g4 Nd4 13. Qg2 Rb8 14. g5 Ne8 15. Bxd4 cxd4 16. Ne4 b5 17. Bb3 a5 18. a3 a4 19. Ba2 b4 20. axb4 Bxb4 21. Kb1 a3 22. b3 Bb7 23. Qg3 Rc8 24. h4 Nd6 25. f3 Nf5 26. Qf4 Qc7 27. Qxc7 Rxc7 28. N2g3 Rfc8 29. Nxf5 exf5 30. Ng3 Rxc2 31. Nxf5 Rb2+ 32. Ka1 Bc3 33. Ne7+ Kf8 34. Nxc8 Rxb3# 0-1


[Site "https://www.chess.com"]

[Event "Titled Tuesday Blitz April 19 Early 2022"]
[White "Zemlyanskii, Ivan"]
[Black "Bach, Ngoc Thuy Duong"]
[WhiteFideId "24249971"]
[BlackFideId "12408956"]
[WhiteElo "1759"]
[BlackElo "1862"]
[Result "1-0"]
[Round "01"]
[TimeControl "180+1"]
[Date "2022.04.19"]
[WhiteClock "0:00:13"]
[BlackClock "0:00:01"]

1. d4 d5 2. c4 e6 3. Nc3 c6 4. e4 dxe4 5. Nxe4 Bb4+ 6. Nc3 Nf6 7. a3 Bxc3+ 8. bxc3 c5 9. Nf3 b6 10. Bd3 Bb7 11. O-O O-O 12. Qe2 Nbd7 13. Rd1 Qc7 14. Bg5 h6 15. Bh4 Rfe8 16. Re1 Qc6 17. Rad1 Rac8 18. Qe3 a6 19. Bf1 Qa4 20. Ne5 Nxe5 21. dxe5 Nh7 22. Rd6 Bc6 23. Rb1 Qa5 24. Bd3 Nf8 25. Qc1 Kh8 26. Qb2 b5 27. h3 Ng6 28. Bg3 Ne7 29. cxb5 axb5 30. Bxb5 Bxb5 31. Qxb5 Qxa3 32. Rd7 Kg8 33. Qb7 c4 34. Rb4 Qc1+ 35. Kh2 Nc6 36. Rxf7 Qg5 37. Rb6 Nxe5 38. f4 Qg6 39. Rc7 Nd3 40. Rxc8 1-0


[Site "https://www.chess.com"]

[Event "Titled Tuesday Blitz April 19 Early 2022"]
[White "Zhigalko, Sergei"]
[Black "Sanchez Alvares, Kelvin Antonio"]
[WhiteFideId "13502956"]
[BlackFideId "3906680"]
[WhiteElo "2662"]
[BlackElo "2193"]
[Result "1-0"]
[Round "01"]
[TimeControl "180+1"]
[Date "2022.04.19"]
[WhiteClock "0:01:36"]
[BlackClock "0:01:41"]

1. e4 c5 2. Nf3 d6 3. d4 cxd4 4. Qxd4 Nc6 5. Bb5 Qa5+ 6. Nc3 Qxb5 7. Nxb5 Nxd4 8. Nfxd4 Kd8 9. c4 Nf6 10. f3 Bd7 11. Bd2 Bc6 12. Ke2 Kd7 13. Rhd1 Ne8 14. Be3 Bxb5 15. Nxb5 a6 16. Nc3 e6 17. c5 Kc7 18. cxd6+ Bxd6 19. Rac1 Kb8 20. Na4 b5 21. Nb6 Ra7 22. Rc8+ Kb7 23. Rxd6 Nxd6 24. Rxh8 Kc6 25. Nc8 Rc7 26. Nxd6 Kxd6 27. Kd3 1-0


[Site "https://www.chess.com"]

[Event "Titled Tuesday Blitz April 19 Early 2022"]
[White "Zia, Tahsin Tajwar"]
[Black "Golubovskis, Maksims"]
[WhiteFideId "10211888"]
[BlackFideId "11608528"]
[WhiteElo "1800"]
[BlackElo "2070"]
[Result "1-0"]
[Round "01"]
[TimeControl "180+1"]
[Date "2022.04.19"]
[WhiteClock "0:00:20"]
[BlackClock "0:00:31"]

1. d4 Nf6 2. c4 c5 3. Nc3 g6 4. d5 a6 5. e4 b5 6. e5 b4 7. exf6 bxc3 8. bxc3 e6 9. Qf3 Bb7 10. Bd3 d6 11. Ne2 Nd7 12. Bg5 h6 13. Bh4 g5 14. Bg3 Qxf6 15. Qe3 Ne5 16. O-O Nxd3 17. Qxd3 Be7 18. f4 g4 19. Rae1 O-O-O 20. f5 e5 21. Qc2 h5 22. Bf2 h4 23. Be3 g3 24. h3 Qg7 25. Nc1 Bg5 26. Nb3 Bxe3+ 27. Rxe3 Qg5 28. Ref3 Rd7 29. Nd2 f6 30. Ne4 Qg7 31. Rb1 Rh7 32. Qa4 Kd8 33. Qa5+ Ke8 34. Qb6 Rh8 35. Nxd6+ Rxd6 36. Qxd6 Qh7 37. Qb8+ Kf7 38. Rxb7# 1-0


[Site "https://www.chess.com"]

[Event "Titled Tuesday Blitz April 19 Early 2022"]
[White "parintele_chess"]
[Black "Pajeken, Jakob Leon"]
[BlackFideId "12942839"]
[WhiteElo "2246"]
[BlackElo "2351"]
[Result "0-1"]
[Round "01"]
[TimeControl "180+1"]
[Date "2022.04.19"]
[WhiteClock "0:00:12"]
[BlackClock "0:01:20"]

1. d4 d5 2. Bf4 Nf6 3. e3 c5 4. c3 e6 5. Nd2 Bd6 6. Bg3 O-O 7. Ngf3 Qc7 8. Bd3 Nbd7 9. Ne5 Nxe5 10. dxe5 Bxe5 11. Nf3 Bxg3 12. hxg3 e5 13. Ng5 e4 14. Be2 h6 15. Nh3 Rd8 16. Rc1 Bf5 17. g4 Bg6 18. Nf4 Qe5 19. Nxg6 fxg6 20. Qb3 Kh7 21. Qxb7 Rab8 22. Qxa7 Rxb2 23. Qxc5 Ra8 24. a3 Ra2 25. Qd4 Qb8 26. g5 Qb2 27. Qd1 Ng4 28. gxh6 gxh6 29. O-O Qxe2 30. Qxd5 Ra7 31. Qd4 Rf7 32. Qd5 Ra7 33. Qd4 R2xa3 34. Rce1 Qd3 35. Qb6 Ra2 36. Rd1 Qxc3 37. Rd6 Rf7 38. Rxg6 Raxf2 39. Rxf2 Qe1+ 0-1


[Site "https://www.chess.com"]

[Event "Titled Tuesday Blitz April 19 Early 2022"]
[White "Aakanksha Hagawane"]
[Black "Golubovskis, Maksims"]
[WhiteFideId "25014510"]
[BlackFideId "11608528"]
[WhiteElo "1971"]
[BlackElo "2070"]
[Result "1-0"]
[Round "02"]
[TimeControl "180+1"]
[Date "2022.04.19"]
[WhiteClock "0:00:12"]
[BlackClock "0:00:05"]

1. e4 c5 2. Nf3 d6 3. Bb5+ Nd7 4. O-O Nf6 5. Re1 g6 6. c3 Bg7 7. d4 cxd4 8. cxd4 O-O 9. Nc3 a6 10. Bd3 b5 11. a3 Bb7 12. Bf4 Rc8 13. Qd2 Qb6 14. Bh6 e5 15. Bxg7 Kxg7 16. d5 Rc7 17. Rac1 Rfc8 18. h3 Nc5 19. Bc2 b4 20. axb4 Qxb4 21. Nh4 Qxb2 22. Qg5 Ncd7 23. Nf5+ Kf8 24. Qh6+ Ke8 25. Nxd6+ Kd8 26. Nxf7+ Ke7 27. Qg7 Rxc3 28. d6+ Ke8 29. Ng5 Qa2 30. Qe7# 1-0


[Site "https://www.chess.com"]

[Event "Titled Tuesday Blitz April 19 Early 2022"]
[White "Acosta Cruz, Oscar Yosimar"]
[Black "Sjoberg, Isak"]
[WhiteFideId "5111269"]
[BlackFideId "1521640"]
[WhiteElo "2147"]
[BlackElo "2016"]
[Result "0-1"]
[Round "02"]
[TimeControl "180+1"]
[Date "2022.04.19"]
[WhiteClock "0:01:40"]
[BlackClock "0:01:55"]

1. d4 Nf6 2. Nf3 g6 3. g3 Bg7 4. Bg2 O-O 5. O-O c6 6. b3 a5 7. Bb2 a4 8. a3 axb3 9. cxb3 d5 10. b4 Nbd7 11. Nc3 Nb6 12. Nd2 Re8 13. h3 Nfd7 14. Nb3 Nc4 15. Bc1 e5 16. e3 exd4 17. exd4 b6 18. Re1 Rxe1+ 19. Qxe1 Bb7 20. a4 Nf8 21. Bf4 Ne6 22. Be5 Nxe5 23. dxe5 Qc7 24. f4 Qe7 25. Ne2 c5 26. Kh2 f6 27. exf6 Bxf6 28. Rd1 c4 29. Bxd5 Bxd5 30. Rxd5 cxb3 0-1


[Site "https://www.chess.com"]

[Event "Titled Tuesday Blitz April 19 Early 2022"]
[White "Agasarov, Benik"]
[Black "Aroesti, Roee"]
[WhiteFideId "13314823"]
[BlackFideId "2817144"]
[WhiteElo "2498"]
[BlackElo "2068"]
[Result "1-0"]
[Round "02"]
[TimeControl "180+1"]
[Date "2022.04.19"]
[WhiteClock "0:00:39"]
[BlackClock "0:00:02"]

1. d4 d5 2. c4 e6 3. Nf3 Nf6 4. g3 Be7 5. Bg2 O-O 6. O-O dxc4 7. Qc2 a6 8. a4 Bd7 9. Qxc4 Bc6 10. Bg5 Nbd7 11. Nc3 a5 12. Bxf6 Nxf6 13. Rfd1 Nd5 14. Ne5 Nb6 15. Nxc6 Nxc4 16. Nxd8 Rfxd8 17. b3 Nd6 18. e3 c6 19. Rac1 Rd7 20. Ne2 Rad8 21. Nf4 Nc8 22. Nd3 Nb6 23. Ne5 Rc7 24. Bf3 Ba3 25. Rc2 Bb4 26. Nd3 Be7 27. Kg2 Nd5 28. Bxd5 exd5 29. Rb1 Ra8 30. Nf4 Bd6 31. Nd3 Re7 32. b4 axb4 33. Nxb4 g6 34. Ra2 Ra5 35. Nd3 b5 36. Rba1 Rea7 37. Nb2 Bb4 38. Rc1 R7a6 39. Nd3 Bf8 40. axb5 Rxa2 41. bxa6 Rxa6 42. Ne5 c5 43. dxc5 f6 44. Nd7 Rc6 45. Kf3 Kf7 46. Ke2 Be7 47. Kd3 Ke6 48. Nb8 Rxc5 49. Rb1 Rc7 50. Rb6+ Kf7 51. Nc6 Rd7 52. Kd4 Kf8 53. Rb8+ Kf7 54. Rh8 Kg7 55. Re8 Bf8 56. Nd8 Be7 57. Nc6 Kf7 58. Rxe7+ Rxe7 59. Nxe7 Kxe7 60. Kxd5 Kd7 61. e4 Ke7 62. f4 1-0


[Site "https://www.chess.com"]

[Event "Titled Tuesday Blitz April 19 Early 2022"]
[White "Aggelis, Nikolaos"]
[Black "Pham, Tran Gia Phuc"]
[WhiteFideId "4213220"]
[BlackFideId "12415669"]
[WhiteElo "2154"]
[BlackElo "1789"]
[Result "0-1"]
[Round "02"]
[TimeControl "180+1"]
[Date "2022.04.19"]
[WhiteClock "0:00:34"]
[BlackClock "0:01:00"]

1. d4 Nf6 2. g3 c5 3. d5 e6 4. Nc3 d6 5. Bg2 g6 6. e4 Bg7 7. Nf3 O-O 8. O-O a6 9. a4 Qc7 10. Nd2 Nbd7 11. Nc4 Nb6 12. Ne3 e5 13. a5 Nbd7 14. Nc4 b5 15. axb6 Nxb6 16. Na5 Bd7 17. b3 Ne8 18. Bb2 f5 19. Qd2 f4 20. f3 Nf6 21. gxf4 exf4 22. Ne2 Nxe4 23. fxe4 Bxb2 24. Rab1 Be5 25. Nxf4 Rae8 26. Nc4 Nxc4 27. bxc4 a5 28. Nd3 Bd4+ 29. Kh1 Rxf1+ 30. Rxf1 a4 31. Qg5 Qd8 32. Qd2 a3 33. c3 Bg7 34. Ra1 Qa5 35. Qc1 Ra8 36. e5 Bf5 37. Qe3 Qxc3 0-1


[Site "https://www.chess.com"]

[Event "Titled Tuesday Blitz April 19 Early 2022"]
[White "Agibileg, Uurtsaikh"]
[Black "Kornyukov, Alexey"]
[WhiteFideId "4901606"]
[BlackFideId "4150457"]
[WhiteElo "2205"]
[BlackElo "2303"]
[Result "0-1"]
[Round "02"]
[TimeControl "180+1"]
[Date "2022.04.19"]
[WhiteClock "0:00:03"]
[BlackClock "0:00:01"]

1. d4 d5 2. c4 e6 3. Nc3 c6 4. Nf3 dxc4 5. e3 b5 6. a4 Bb4 7. axb5 cxb5 8. Bd2 Bxc3 9. Bxc3 a5 10. b3 Bb7 11. bxc4 b4 12. Bb2 Nf6 13. Bd3 Nbd7 14. O-O O-O 15. Nd2 Qc7 16. f4 a4 17. d5 a3 18. Bxf6 Nxf6 19. e4 e5 20. fxe5 Nd7 21. Bc2 Nxe5 22. Bb3 Ba6 23. Qe2 Rac8 24. Rfc1 Qc5+ 25. Kh1 f5 26. exf5 Rxf5 27. Rf1 Rcf8 28. Rxf5 Rxf5 29. g4 Qf2 30. Qe4 Nf3 31. Qe6+ Rf7 32. Qe8+ Rf8 33. Qe6+ Kh8 34. Qd6 Nxd2 0-1


[Site "https://www.chess.com"]

[Event "Titled Tuesday Blitz April 19 Early 2022"]
[White "Akhmedinov, Satbek"]
[Black "Subaste, Arman"]
[WhiteFideId "13714287"]
[BlackFideId "5221080"]
[WhiteElo "1889"]
[BlackElo "1856"]
[Result "1-0"]
[Round "02"]
[TimeControl "180+1"]
[Date "2022.04.19"]
[WhiteClock "0:02:10"]
[BlackClock "0:02:04"]

1. e4 c5 2. Nf3 e6 3. c4 a6 4. Nc3 Nc6 5. b3 Nf6 6. Bb2 d5 7. e5 Nd7 8. cxd5 exd5 9. Nxd5 Be7 10. Be2 O-O 11. O-O Re8 12. Re1 Bf8 13. Bf1 Ndxe5 14. Nxe5 Qxd5 15. Bc4 Qxe5 16. Bxe5 Rxe5 17. Rxe5 Nxe5 18. Bd5 Rb8 19. Qh5 Ng6 20. Re1 b5 21. g4 Bd7 22. Bxf7+ Kxf7 23. Qd5+ Kf6 24. g5# 1-0


[Site "https://www.chess.com"]

[Event "Titled Tuesday Blitz April 19 Early 2022"]
[White "Al-Tarboush, Ward"]
[Black "Karavaeva, Olga"]
[WhiteFideId "7601450"]
[BlackFideId "4124111"]
[WhiteElo "2276"]
[BlackElo "2105"]
[Result "1-0"]
[Round "02"]
[TimeControl "180+1"]
[Date "2022.04.19"]
[WhiteClock "0:01:18"]
[BlackClock "0:00:16"]

1. e4 c5 2. Nf3 e6 3. d4 cxd4 4. Nxd4 Nf6 5. Nc3 Nc6 6. Nxc6 bxc6 7. e5 Nd5 8. Ne4 Qa5+ 9. c3 Be7 10. Bd3 Ba6 11. O-O Bxd3 12. Qxd3 O-O 13. Bd2 f5 14. exf6 Bxf6 15. c4 Nb4 16. Qxd7 Bxb2 17. Rab1 Qa3 18. Qxe6+ Kh8 19. Nd6 Rf6 20. Qe7 a5 21. Rfe1 h6 22. Ne8 Rg6 23. Qf8+ Kh7 24. Re3 Qxa2 25. Rbe1 Qxc4 26. Nf6+ Bxf6 27. Qxa8 Nd3 28. Rf1 Bd4 29. Re8 Rxg2+ 30. Kxg2 Ne5 31. Rh8+ Kg6 32. Qe8+ Nf7 33. Qe4+ Kf6 34. Re1 Be5 35. Qxc4 1-0


[Site "https://www.chess.com"]

[Event "Titled Tuesday Blitz April 19 Early 2022"]
[White "Atakishiyev, Elmar"]
[Black "Sanchez, Robert"]
[WhiteFideId "13410547"]
[BlackFideId "2034360"]
[WhiteElo "2087"]
[BlackElo "2384"]
[Result "1-0"]
[Round "02"]
[TimeControl "180+1"]
[Date "2022.04.19"]
[WhiteClock "0:01:01"]
[BlackClock "0:00:15"]

1. c4 c6 2. g3 Nf6 3. Bg2 e5 4. e3 d5 5. Ne2 Bd6 6. O-O O-O 7. d4 e4 8. Nbc3 a6 9. Qb3 Bc7 10. a4 h5 11. f3 exf3 12. Bxf3 dxc4 13. Qxc4 b5 14. Qd3 b4 15. Ne4 Nd5 16. Nf4 Nxf4 17. gxf4 a5 18. Ng5 g6 19. Be4 Ba6 20. Qb3 Bxf1 21. Bxg6 Qd5 22. Bh7+ Kg7 23. Qc2 Ba6 24. Be4 Qc4 25. Qg2 Kh6 26. Nxf7+ Qxf7 27. Qg5# 1-0


[Site "https://www.chess.com"]

[Event "Titled Tuesday Blitz April 19 Early 2022"]
[White "Avazkhonov, Alikhon"]
[Black "Timofeev, Artyom"]
[WhiteFideId "14208504"]
[BlackFideId "4140419"]
[WhiteElo "1739"]
[BlackElo "2594"]
[Result "0-1"]
[Round "02"]
[TimeControl "180+1"]
[Date "2022.04.19"]
[WhiteClock "0:00:01"]
[BlackClock "0:01:17"]

1. c4 Nf6 2. Nc3 g6 3. g3 Bg7 4. Bg2 O-O 5. e4 c5 6. Nge2 Nc6 7. O-O d6 8. d3 a6 9. h3 Rb8 10. Be3 b5 11. Qd2 Re8 12. f4 b4 13. Nd1 Bb7 14. g4 Nd7 15. Nf2 a5 16. g5 Nd4 17. Ng4 Rf8 18. f5 a4 19. f6 exf6 20. gxf6 Nxf6 21. Bg5 Nxe4 22. Bxe4 Nxe2+ 23. Kg2 f6 24. Qxe2 fxg5 25. Bxb7 Rxb7 26. Qe6+ Kh8 27. Rxf8+ Qxf8 28. Rf1 Qa8 29. Kh2 Rb8 30. Rf7 Rf8 31. Qd7 Rxf7 32. Qxf7 h5 33. Nf6 Qf8 34. Qxf8+ Bxf8 35. Ne4 Be7 36. Kg3 Kg7 37. Kf3 Kf7 38. b3 axb3 39. axb3 Ke6 40. Kg3 Ke5 41. Kf3 Kd4 42. Ke2 Ke5 43. Ke3 g4 44. hxg4 hxg4 45. d4+ cxd4+ 46. Kd3 Bh4 47. c5 dxc5 48. Nxc5 g3 49. Nd7+ Kf4 50. Nf8 g2 51. Nxg6+ Kg3 0-1


[Site "https://www.chess.com"]

[Event "Titled Tuesday Blitz April 19 Early 2022"]
[White "Babazada, Khazar"]
[Black "Ambartsumova, Karina"]
[WhiteFideId "13413554"]
[BlackFideId "4166299"]
[WhiteElo "2406"]
[BlackElo "2262"]
[Result "1-0"]
[Round "02"]
[TimeControl "180+1"]
[Date "2022.04.19"]
[WhiteClock "0:00:45"]
[BlackClock "0:01:12"]

1. e4 e5 2. Nf3 Nc6 3. Bb5 a6 4. Ba4 Nf6 5. O-O Be7 6. Re1 b5 7. Bb3 O-O 8. c3 d5 9. exd5 Nxd5 10. Nxe5 Nxe5 11. Rxe5 c6 12. Bxd5 cxd5 13. d4 Bd6 14. Re1 Qh4 15. g3 Qh3 16. Qf3 Bg4 17. Qg2 Qh5 18. h4 Bf3 19. Qh3 f5 20. Be3 Bg4 21. Qg2 f4 22. Bxf4 Rxf4 23. gxf4 Bxf4 24. Nd2 Bxd2 25. Re5 Qxh4 26. Qxd5+ Be6 27. Qxe6+ Kf8 28. Rf5+ 1-0


[Site "https://www.chess.com"]

[Event "Titled Tuesday Blitz April 19 Early 2022"]
[White "Bach, Ngoc Thuy Duong"]
[Black "Marin Masis, Jose Esteban"]
[WhiteFideId "12408956"]
[BlackFideId "6508146"]
[WhiteElo "1862"]
[BlackElo "1710"]
[Result "1-0"]
[Round "02"]
[TimeControl "180+1"]
[Date "2022.04.19"]
[WhiteClock "0:00:10"]
[BlackClock "0:00:08"]

1. d4 Nf6 2. c4 e6 3. Nc3 Bb4 4. Qc2 d5 5. cxd5 Qxd5 6. Nf3 Qf5 7. Qxf5 exf5 8. a3 Be7 9. Bf4 c6 10. e3 Nbd7 11. Bd3 Nb6 12. Be5 O-O 13. O-O h6 14. b4 Nfd5 15. Nxd5 Nxd5 16. Rfc1 Be6 17. h3 Rfc8 18. Rab1 a5 19. bxa5 Bxa3 20. a6 bxa6 21. Rf1 a5 22. Nd2 Nb4 23. Bc4 Nd5 24. Nb3 Bb4 25. Nc5 Nc3 26. Bxe6 fxe6 27. Rb3 Ne2+ 28. Kh2 Re8 29. Ra1 Nc3 30. Nb7 Nd5 31. Nc5 a4 32. Rxa4 Rxa4 33. Nxa4 Be1 34. Kg1 Rc8 35. Nc5 Bd2 36. Rb7 Bb4 37. Kf1 Bxc5 38. dxc5 Re8 39. Rxg7+ Kf8 40. Rh7 Nb4 41. Rh8+ Kf7 42. Rxh6 Nd3 43. Bd6 Rg8 44. Rh7+ Ke8 45. Re7+ Kd8 46. Ra7 Nb4 47. Ra8+ 1-0


[Site "https://www.chess.com"]

[Event "Titled Tuesday Blitz April 19 Early 2022"]
[White "Baches Garcia, Guillermo"]
[Black "Bernat, David"]
[WhiteFideId "2209764"]
[BlackFideId "2099225"]
[WhiteElo "2502"]
[BlackElo "2291"]
[Result "1-0"]
[Round "02"]
[TimeControl "180+1"]
[Date "2022.04.19"]
[WhiteClock "0:00:20"]
[BlackClock "0:00:02"]

1. e4 c5 2. Nf3 g6 3. d4 cxd4 4. Qxd4 Nf6 5. c4 Nc6 6. Qe3 d6 7. h3 Bg7 8. Be2 O-O 9. O-O h6 10. Nc3 Be6 11. Rd1 Qa5 12. Bd2 Qc5 13. Rac1 Nd7 14. b3 Nde5 15. Nxe5 Nxe5 16. Nd5 Bxd5 17. cxd5 Qa3 18. Rc7 Qxa2 19. f4 Rac8 20. Rdc1 Rxc7 21. Rxc7 Qa1+ 22. Kh2 g5 23. fxe5 Bxe5+ 24. g3 f5 25. Rc1 Qa2 26. Kg2 f4 27. Qd3 fxg3 28. Rf1 Rxf1 29. Kxf1 Qa1+ 30. Kg2 Qa3 31. Be3 a5 32. Bg1 a4 33. bxa4 Qxa4 34. Bg4 b5 35. Qf3 Qc2+ 36. Kh1 b4 37. Be6+ Kh8 38. Qf8+ Kh7 39. Bg8+ Kg6 40. Qf7# 1-0


[Site "https://www.chess.com"]

[Event "Titled Tuesday Blitz April 19 Early 2022"]
[White "Bacrot, Etienne"]
[Black "Yurovskykh, Oleksandr"]
[WhiteFideId "605506"]
[BlackFideId "14134020"]
[WhiteElo "2673"]
[BlackElo "2292"]
[Result "1-0"]
[Round "02"]
[TimeControl "180+1"]
[Date "2022.04.19"]
[WhiteClock "0:00:46"]
[BlackClock "0:00:11"]

1. d4 d5 2. Nf3 Nf6 3. c4 dxc4 4. e3 e6 5. Bxc4 c5 6. O-O Nc6 7. Nc3 cxd4 8. exd4 Be7 9. Re1 O-O 10. Bf4 Nb4 11. Be5 Nbd5 12. Bd3 b6 13. Rc1 Bb7 14. Bb1 Rc8 15. h4 Nxc3 16. bxc3 Nd7 17. Bg3 Re8 18. h5 h6 19. c4 Nf8 20. Ne5 Bf6 21. Qg4 Nd7 22. Rcd1 Bxe5 23. dxe5 Qc7 24. Rd4 Nf8 25. Bh4 Red8 26. Bf6 g6 27. Rxd8 Rxd8 28. hxg6 fxg6 29. Bxg6 Nxg6 30. Qxg6+ Kf8 31. Qxh6+ Ke8 32. Qh8+ Kd7 33. Rd1+ Kc6 1-0


[Site "https://www.chess.com"]

[Event "Titled Tuesday Blitz April 19 Early 2022"]
[White "Baker, Chris W"]
[Black "Bachmann, Axel"]
[WhiteFideId "401676"]
[BlackFideId "3700488"]
[WhiteElo "2189"]
[BlackElo "2587"]
[Result "0-1"]
[Round "02"]
[TimeControl "180+1"]
[Date "2022.04.19"]
[WhiteClock "0:00:04"]
[BlackClock "0:00:05"]

1. e4 c5 2. Nf3 d6 3. Be2 Nf6 4. Nc3 a6 5. O-O g6 6. d4 cxd4 7. Nxd4 Bg7 8. Be3 O-O 9. Qd2 Nc6 10. Nb3 b5 11. a3 Bb7 12. Bh6 Rc8 13. Bxg7 Kxg7 14. Kh1 Ne5 15. f3 Qc7 16. Nd4 Rfd8 17. Rad1 Nfd7 18. Qg5 Nf6 19. f4 Nc4 20. Bxc4 bxc4 21. e5 Ng8 22. Nf5+ Kf8 23. exd6 exd6 24. Nd4 Qc5 25. Qxc5 Rxc5 26. Rfe1 Nf6 27. Kg1 h5 28. h3 Rcc8 29. Kf2 Kg7 30. Re7 Rd7 31. Rxd7 Nxd7 32. Nde2 d5 33. Nxd5 Nc5 34. Ndc3 Re8 35. Rd6 h4 36. Rb6 Ba8 37. Nd4 Be4 38. b4 cxb3 39. cxb3 Nd3+ 40. Kf1 Ba8 41. Rxa6 Re1# 0-1


[Site "https://www.chess.com"]

[Event "Titled Tuesday Blitz April 19 Early 2022"]
[White "Bas Mas, Jose Joaquin"]
[Black "Dahlgren, James Allen"]
[WhiteFideId "22219064"]
[BlackFideId "22256873"]
[WhiteElo "2212"]
[BlackElo "2082"]
[Result "0-1"]
[Round "02"]
[TimeControl "180+1"]
[Date "2022.04.19"]
[WhiteClock "0:00:10"]
[BlackClock "0:00:40"]

1. e4 e6 2. Nf3 c5 3. Nc3 d5 4. exd5 exd5 5. d4 Nf6 6. Bb5+ Bd7 7. Be2 Bd6 8. O-O O-O 9. Bg5 Be6 10. h3 Nbd7 11. dxc5 Bxc5 12. Bb5 h6 13. Bxd7 Qxd7 14. Bxf6 gxf6 15. Qd2 Kh7 16. Ne2 Rad8 17. Ned4 Bxh3 18. Qd3+ Kh8 19. gxh3 Qxh3 20. Ng5 Qxd3 21. cxd3 Bxd4 22. Nf3 Rg8+ 23. Kh2 Be5+ 24. Kh3 b6 25. d4 Bf4 26. Rfe1 Rde8 27. a4 Re4 28. a5 Rge8 29. Rxe4 dxe4 30. Kg4 Bc7 31. Nd2 bxa5 32. Rh1 Kg7 33. Nf1 Rd8 34. Ne3 Rg8 35. Kf5 Re8 36. Ng4 Bb6 37. Nxf6 Re6 38. Nxe4 Bxd4 39. f3 Bxb2 40. Rg1+ Kh7 41. Rb1 Bd4 42. Rb5 Ra6 43. Rd5 Bg7 44. Rd7 a4 45. Rxf7 a3 46. Rd7 a2 47. Nf6+ Rxf6+ 48. Kg4 Ra6 0-1


[Site "https://www.chess.com"]